Cogmind - Beta 11.1 @@@ ROGUE MODE // 2022.05.27 @ 18:57:22 Player: Owlsley Result: Destroyed by MAIN.C with Omega Cannon Performance ------------- Evolutions (9) 4500 Regions Visited (31) 6200 Robots Destroyed (221) 1105 Value Destroyed (8173) 8173 Prototype IDs (51) 1020 Alien Tech Used (1) 200 Bonus (19068) 19068 TOTAL SCORE: 40266 Bonus ------- High Alert Combat Kills 660 Follower Combat Kills 1480 Met Data Miner 300 Met Imprinter 300 Met Warlord at Base 500 MAIN.C Attacked Warlord 500 Built Enhanced Grunts 300 A7 Reached Mainframe 300 Met R17 at Cetus 500 Met Warlord at Research 2000 Met MAIN.C 5000 Hacked MAIN.C 300 Destroyed MAIN.C Shell 5000 Met Warlord at Command 2000 Friendly Fire -72 Cogmind --------- Core Integrity 0/1600 Matter 168/300 Energy 100/100 System Corruption 33% Temperature Cool (0) Movement Core (50) Location -1/Command Parts ------- > --- POWER (3) -------- (None) > --- PROPULSION (6) --- (None) > --- UTILITY (13) ----- Experimental Targeting Computer Ghost Barrier > --- WEAPON (3) ------- (None) > --- INVENTORY (5) ---- Warp Gun Helical Railgun Ragnarok Missile Launcher Gravity Flail Peak State ------------ > --- POWER ------------ Hybrid Fission Core Light Antimatter Reactor Light Particle Reactor > --- PROPULSION ------- Antigrav System Cooled Gravmag System Improved Antigrav System Cooled Antigrav System Experimental Gyrokinetic Inverter Combat Linear Gravjet > --- UTILITY ---------- Experimental Heat Sink Advanced Coolant Injector Medium Storage Unit Experimental Matter Compressor Enhanced Optical Array Experimental Sensor Array Advanced Signal Interpreter Advanced Targeting Computer Experimental Targeting Computer Light Regenerative Plating Graphene Brace Advanced Force Field Ghost Barrier > --- WEAPON ----------- Enhanced Nova Cannon Compact Linear Accelerator > --- INVENTORY -------- Warp Gun Vortex Shotgun Vortex Shotgun Vortex Cannon Vortex Cannon Perforator Ragnarok Missile Launcher Remote Datajack [Rating: 177] Favorites ----------- Power Cooled Ion Engine Engine Cooled Ion Engine Power Core Hybrid Fission Core Reactor Light Particle Reactor Propulsion Light Treads Treads Light Treads Leg Aluminum Leg Wheel Compact Wheel Hover Unit Cooled Gravmag System Flight Unit Nuclear Pulse Array Utility High-capacity Storage Unit Device Improved Sensor Array Storage High-capacity Storage Unit Processor Improved Signal Interpreter Hackware Advanced Hacking Suite Protection Light Regenerative Plating Weapon Ion Burst Cannon Energy Gun Warp Gun Energy Cannon Ion Burst Cannon Ballistic Gun Assault Rifle Ballistic Cannon Compact Linear Accelerator Launcher Precision Grenade Launcher Special Weapon Remote Datajack Impact Weapon Gravity Flail Slashing Weapon Phasing Sabre Piercing Weapon Plasma Lance Build | -11 -10 -9 -9 -8 -7 -7 -7 -7 -6 -6 -6 -6 -6 -5 -5 -5 -5 -5 -5 -5 -4 -4 -4 -4 -4 -4 -3 -2 -2 -1 -1 ------- Run | Scr Mat Mat Sto Mat Fac Low Low Zio Pro Fac Low Low Dat Pro Fac Was Fac Upp Upp War Pro Fac Ext Cet Arc Hub Res Res Tes Acc Com Slots Evolved 18 | . . 2 . 2 2 . . . . 2 . . . . 2 . . . . . . 2 . . . . 2 2 . 2 . Power 2 | . . . . . . . . . . 1 . . . . . . . . . . . . . . . . . 1 . . . Propulsion 4 | . . 1 . 1 . . . . . . . . . . . . . . . . . . . . . . 2 . . . . Utility 11 | . . 1 . 1 2 . . . . 1 . . . . 2 . . . . . . 2 . . . . . 1 . 1 . Weapon 1 | . . . . . . . . . . . . . . . . . . . . . . . . . . . . . . 1 . Parts Attached 305 | 5 8 13 26 28 2 2 . 6 . 28 1 3 2 4 39 2 5 1 . 13 . 6 7 4 2 2 1 13 26 3 53 Power 30 | . 1 2 3 1 . . . . . 8 . . . . 4 . . . . . . 1 1 . . 1 . 2 . . 6 Engine 12 | . 1 2 3 1 . . . . . 3 . . . . 2 . . . . . . . . . . . . . . . . Core 7 | . . . . . . . . . . 5 . . . . 2 . . . . . . . . . . . . . . . . Reactor 11 | . . . . . . . . . . . . . . . . . . . . . . 1 1 . . 1 . 2 . . 6 Propulsion 71 | 3 2 3 7 12 . 2 . . . 6 . . . 1 8 . . . . 2 . . . 1 1 . 1 2 5 . 15 Treads 30 | 2 . 2 7 11 . 2 . . . 2 . . . . . . . . . . . . . . . . . . . . 4 Leg . | . . . . . . . . . . . . . . . . . . . . . . . . . . . . . . . . Wheel 4 | 1 2 1 . . . . . . . . . . . . . . . . . . . . . . . . . . . . . Hover 34 | . . . . 1 . . . . . 4 . . . 1 7 . . . . 2 . . . 1 1 . 1 2 5 . 9 Flight 3 | . . . . . . . . . . . . . . . 1 . . . . . . . . . . . . . . . 2 Utility 97 | 1 4 3 7 8 2 . . . . 11 1 . 1 1 20 2 1 1 . 8 . 5 4 1 1 . . 3 4 2 6 Device 51 | 1 2 . 1 2 1 . . . . 7 1 . . . 10 2 . 1 . 5 . 4 3 1 1 . . 2 2 1 4 Storage 5 | . 1 1 . . . . . . . 1 . . . . . . 1 . . . . . . . . . . . 1 . . Processor 18 | . . . 1 1 1 . . . . 1 . . . 1 6 . . . . 2 . . 1 . . . . 1 1 . 2 Hackware 4 | . . . . . . . . . . . . . . . 3 . . . . . . . . . . . . . . 1 . Protection 19 | . 1 2 5 5 . . . . . 2 . . 1 . 1 . . . . 1 . 1 . . . . . . . . . Artifact . | . . . . . . . . . . . . . . . . . . . . . . . . . . . . . . . . Weapon 107 | 1 1 5 9 7 . . . 6 . 3 . 3 1 2 7 . 4 . . 3 . . 2 2 . 1 . 6 17 1 26 Energy Gun 16 | . 1 1 . . . . . . . . . . . . 3 . 2 . . 1 . . . . . 1 . 2 1 . 4 Energy Cannon 38 | . . . 6 5 . . . 3 . 2 . 1 . 2 . . . . . 1 . . 1 1 . . . . 6 1 9 Ballistic Gun 11 | 1 . 4 2 . . . . . . . . . . . . . . . . . . . . . . . . . . . 4 Ballistic Cannon 7 | . . . . . . . . . . . . . . . . . . . . . . . . . . . . 1 4 . 2 Launcher 19 | . . . 1 2 . . . 2 . 1 . 2 1 . 1 . 2 . . 1 . . 1 . . . . 1 3 . 1 Special Weapon 2 | . . . . . . . . . . . . . . . . . . . . . . . . . . . . 1 . . 1 Impact Weapon 6 | . . . . . . . . . . . . . . . 1 . . . . . . . . . . . . . . . 5 Slashing Weapon 7 | . . . . . . . . 1 . . . . . . 2 . . . . . . . . 1 . . . 1 2 . . Piercing Weapon 1 | . . . . . . . . . . . . . . . . . . . . . . . . . . . . . 1 . . Special Melee Weapon . | . . . . . . . . . . . . . . . . . . . . . . . . . . . . . . . . Unidentified Prototypes 35 | . . . 3 1 . . . 2 . . . . . . 4 1 2 1 . 7 . . . . . 1 . 2 7 1 3 Corrupted Parts 5 | . . . 5 . . . . . . . . . . . . . . . . . . . . . . . . . . . . System Corruption 20 | . . . 20 . . . . . . . . . . . . . . . . . . . . . . . . . . . . Parts Lost 59 | . 3 1 . 3 . . . . . 3 . . . 6 1 . . . . . . . . 2 2 . . . 1 1 36 Power 10 | . 1 . . . . . . . . 1 . . . . 1 . . . . . . . . . . . . . . . 7 Propulsion 23 | . 1 . . . . . . . . 2 . . . 4 . . . . . . . . . 1 1 . . . 1 . 13 Utility 22 | . . 1 . 3 . . . . . . . . . 2 . . . . . . . . . 1 1 . . . . 1 13 Weapon 4 | . 1 . . . . . . . . . . . . . . . . . . . . . . . . . . . . . 3 Highest Loss Streak 20 | . 2 1 . 1 . . . . . 2 . . . 5 1 . . . . . . . . 2 2 . . . 1 1 20 To Critical Strikes . | . . . . . . . . . . . . . . . . . . . . . . . . . . . . . . . . Average Slot Usage (%) 96 | . 99 99 99 99 99 100 100 99 100 92 93 87 80 82 87 100 100 100 100 97 100 99 100 93 94 98 95 99 99 92 80 Engine 5 | . 13 10 11 9 7 7 7 7 7 6 . . . . 4 . . . . . . . . . . . . . . . . Core 2 | . . . . . . . . . . 5 13 10 6 5 2 11 11 11 11 11 11 7 5 5 5 5 4 4 4 4 1 Reactor 1 | . . . . . . . . . . . . . . . . . . . . . . 2 5 5 5 5 4 7 8 8 6 Treads 16 | . 14 23 30 36 30 30 30 30 30 23 . . . . . . . . . . . . . . . . . . . . . Wheel 1 | . 13 9 1 . . . . . . . . . . . . . . . . . . . . . . . . . . . . Hover 8 | . . . . . . . . . . . 26 26 26 23 17 23 23 23 23 23 23 21 21 21 21 21 23 25 26 24 17 Device 14 | . 11 . 4 9 14 15 15 15 15 7 19 17 13 7 19 23 18 17 17 18 23 28 30 26 31 31 28 26 22 19 15 Storage 7 | . 14 11 11 9 7 7 7 7 7 6 6 6 6 5 . . 3 5 5 5 5 5 5 5 5 5 4 4 6 8 7 Processor 12 | . . . 1 10 14 15 15 15 15 20 20 20 20 24 21 17 17 17 17 15 17 15 15 15 15 15 14 16 17 16 17 Protection 6 | . 2 21 16 7 7 7 7 7 7 5 . . 6 4 1 5 5 5 5 7 5 7 5 5 5 5 4 4 4 4 2 Energy Cannon 6 | . . . 4 17 15 15 15 13 15 12 6 2 . 4 . . . . . . . . 3 5 5 5 4 2 3 2 1 Ballistic Gun 4 | . 26 18 17 . . . . . . . . . . . . . . . . . . . . . . . . . . . . Slashing Weapon 1 | . . . . . . . . . . . . . . . 4 5 5 5 5 5 5 5 5 4 . . . 2 2 . . Naked Turns . | . . . . . . . . . . . . . . . . . . . . . . . . . . . . . . . . Heaviest Build 99 | 15 52 60 68 74 75 75 75 75 75 99 32 33 29 33 36 35 44 44 44 47 45 60 67 59 61 58 58 79 88 86 87 Greatest Support 109 | 40 20 60 60 91 91 101 101 101 101 109 33 33 33 33 56 42 54 54 54 60 48 60 60 61 61 59 70 81 90 90 103 Greatest Overweight (x) 4 | . 3 4 4 1 . . . . . 1 . . . 2 . . 1 . . . . . 1 . 1 . . . 1 . 3 Average Overweight (x) . | . 2 3 1 . . . . . . . . . . . . . . . . . . . . . . . . . . . . Largest Inventory Capacity 20 | 8 20 20 20 20 20 20 20 20 20 20 8 8 8 8 5 5 10 10 10 10 10 10 10 10 10 10 10 10 10 10 10 Average Capacity 15 | 8 18 20 20 20 20 20 20 20 20 19 8 8 8 7 5 5 8 10 10 10 10 10 10 10 10 10 10 10 10 10 9 Most Carried 20 | 8 20 20 20 20 20 20 20 20 20 20 8 8 8 8 5 5 10 10 10 10 10 10 10 10 10 10 9 10 10 10 10 Average Carried 14 | 6 16 19 19 19 18 19 20 19 20 19 8 7 6 7 4 5 8 10 9 9 10 9 9 9 9 9 9 9 9 9 9 Final Capacity 20 | 8 20 20 20 20 20 20 20 20 20 8 8 8 8 5 5 5 10 10 10 10 10 10 10 10 10 10 10 10 10 10 5 Final Carried 20 | 7 20 20 20 20 19 20 20 20 20 8 8 7 6 5 5 5 10 10 10 10 10 10 10 10 9 10 9 10 10 10 4 Class Distribution -------------------- 49% | Mutant 14% | Scout 11% | Scavenger-Mutant 6% | Commander-Scout 3% | Generator-Scout 3% | Scavenger-Scout 3% | Skirmisher Dominant Class ---------------- Mutant | -10/Materials Mutant | -9/Materials Mutant | -9/Storage Scavenger-Mutant | -8/Materials Mutant | -7/Factory Mutant | -7/Lower Caves Mutant | -7/Lower Caves Mutant | -7/Zion Mutant | -6/Proximity Caves Skirmisher | -6/Factory Scavenger-Scout | -6/Lower Caves Scavenger-Scout | -6/Lower Caves Scavenger-Mutant | -6/Data Miner Scavenger-Mutant | -5/Proximity Caves Ninja | -5/Factory Ninja | -5/Waste Scout | -5/Factory Scout | -5/Upper Caves Scout | -5/Upper Caves Scout | -5/Warlord Scout | -4/Proximity Caves Scout | -4/Factory Scout | -4/Extension Commander-Scout | -4/Cetus Commander-Scout | -4/Archives Commander-Scout | -4/Hub_04(d) Commander-Scout | -3/Research Commander-Scout | -2/Research Generator-Scout | -2/Testing Generator-Scout | -1/Access Hacker-Mutant | -1/Command Resources | -11 -10 -9 -9 -8 -7 -7 -7 -7 -6 -6 -6 -6 -6 -5 -5 -5 -5 -5 -5 -5 -4 -4 -4 -4 -4 -4 -3 -2 -2 -1 -1 ----------- Run | Scr Mat Mat Sto Mat Fac Low Low Zio Pro Fac Low Low Dat Pro Fac Was Fac Upp Upp War Pro Fac Ext Cet Arc Hub Res Res Tes Acc Com Matter Collected 5227 | 283 398 159 769 402 . 40 . . 60 219 . 128 . 122 136 . 185 119 48 . 141 58 308 33 20 20 . 148 268 49 1114 Remotely . | . . . . . . . . . . . . . . . . . . . . . . . . . . . . . . . . Salvage Created 8863 | 113 632 379 1485 1492 42 135 109 . 229 531 . 103 . 79 252 . 53 . . . 278 58 464 126 67 190 . 283 419 49 1295 Parts 472 | 11 38 23 88 88 . 5 5 . 12 29 . 9 . 3 10 . 4 . . . 7 3 18 3 1 3 . 6 28 1 77 Haulers Intercepted 19 | . 2 1 5 6 . . . . . 1 . . . . 1 . . . . . . . . . . 1 . 2 . . . Recyclers Shooed 9 | . 2 2 1 . . . . . . 1 . . . . . . . . . . . . 1 . . . . . 1 . 1 Parts Field Recycled . | . . . . . . . . . . . . . . . . . . . . . . . . . . . . . . . . Retrieved Matter . | . . . . . . . . . . . . . . . . . . . . . . . . . . . . . . . . Parts Self-Destructed 47 | . . . . . . 11 10 . 12 . . 6 . 3 . . . . . . 5 . . . . . . . . . . Prevented . | . . . . . . . . . . . . . . . . . . . . . . . . . . . . . . . . Kills | -11 -10 -9 -9 -8 -7 -7 -7 -7 -6 -6 -6 -6 -6 -5 -5 -5 -5 -5 -5 -5 -4 -4 -4 -4 -4 -4 -3 -2 -2 -1 -1 ------- Run | Scr Mat Mat Sto Mat Fac Low Low Zio Pro Fac Low Low Dat Pro Fac Was Fac Upp Upp War Pro Fac Ext Cet Arc Hub Res Res Tes Acc Com Combat Hostiles Destroyed 160 | . 13 7 24 34 1 3 2 . 6 10 . 7 . 1 . . . . . . 9 1 5 2 1 1 . 1 11 . 21 Melee 3 | . . . . . . . . . . . . . . . . . . . . . . 1 . . . . . . 1 . 1 Guns 49 | . 13 7 22 . . . . . . . . . . . . . . . . . . . . . . . . 1 . . 6 Cannons 62 | . . . 2 27 1 3 2 . 6 6 . . . 1 . . . . . . . . 2 2 1 1 . . 2 . 6 AOE 42 | . . . . 6 . . . . . 3 . 7 . . . . . . . . 9 . 3 . . . . . 7 . 7 Classes Destroyed 15 | 2 6 1 1 2 1 . . . . 2 . . . . . . . . . . . . . . . . . . . . . Worker 8 | . 1 . 2 2 . . . . . 1 . . . . . . . . . . . . . . . . . . . . 2 Builder 6 | . 1 . . 1 . . . . . . . . . . . . 1 . . . . . 3 . . . . . . . . Tunneler 4 | 2 1 . . . . . . . . . . . . . 1 . . . . . . . . . . . . . . . . Hauler 19 | . 2 1 5 6 . . . . . 1 . . . . 1 . . . . . . . . . . 1 . 2 . . . Recycler 10 | 1 1 . 3 . . . . . . 1 . . . . 1 . . . . . . . 1 . . . . . 1 . 1 Mechanic 2 | . . . . 1 . . . . . . . . . . . . 1 . . . . . . . . . . . . . . Operator 2 | . . . 1 1 . . . . . . . . . . . . . . . . . . . . . . . . . . . Watcher 10 | . 1 . 1 4 . . . . . . . . . . 1 . . . . . . . . . . . . . 1 1 1 Swarmer 51 | . 6 . 7 9 . . . . 3 3 . 7 . . . . . . . . 4 . . . . . . . 4 . 8 Grunt 50 | . 7 4 9 14 . 3 . . . 3 . . . . . . . . . . 5 . 4 . . . . . . . 1 Duelist 5 | . . . . 3 . . . . 2 . . . . . . . . . . . . . . . . . . . . . . Sentry 28 | . . 3 8 8 . . 1 . 1 1 . . . . . . . . . . . . 1 . 1 1 . 1 . . 2 Hunter 3 | . . . . . 1 . 1 . . 1 . . . . . . . . . . . . . . . . . . . . . Programmer 18 | . . . . . . . . . . 1 . . . . . . . . . . . 1 . . . . . . 7 . 9 Behemoth 2 | . . . . . . . . . . 1 . . . 1 . . . . . . . . . . . . . . . . . Cetus Guard 2 | . . . . . . . . . . . . . . . . . . . . . . . . 2 . . . . . . . Butcher 1 | . . . . . . . . . . . . . . . . . . . . . . . . . . . . . . . 1 Best Kill Streak 7 | 3 4 3 6 7 1 2 1 . 3 7 . 4 . 1 1 . 2 . . . 4 1 4 1 1 1 . 1 5 1 7 Combat Bots Only 6 | . 3 2 4 5 1 2 1 . 3 4 . 4 . 1 . . . . . . 4 1 3 1 1 1 . 1 4 . 6 Max Kills in Single Turn 6 | 1 2 1 2 3 1 1 1 . 2 2 . 3 . 1 1 . 1 . . . 2 1 1 1 1 1 . 1 2 1 6 Gunslinging 1 | . 1 . 1 . . . . . . . . . . . . . . . . . . . . . . . . . . . . Exploded 6 | . . . . 3 . . . . . 2 . 3 . . . . . . . . 2 . 1 . . . . . 2 . 6 Melee 1 | . . . . . . . . . . . . . . . . . . . . . . 1 . . . . . . 1 . 1 Uniques/NPCs Destroyed . | . . . . . . . . . . . . . . . . . . . . . . . . . . . . . . . . Combat | -11 -10 -9 -9 -8 -7 -7 -7 -7 -6 -6 -6 -6 -6 -5 -5 -5 -5 -5 -5 -5 -4 -4 -4 -4 -4 -4 -3 -2 -2 -1 -1 -------- Run | Scr Mat Mat Sto Mat Fac Low Low Zio Pro Fac Low Low Dat Pro Fac Was Fac Upp Upp War Pro Fac Ext Cet Arc Hub Res Res Tes Acc Com Damage Taken 13910 | . 547 393 827 1185 43 186 44 . 200 1430 . 55 . 1137 179 . . 21 . 61 110 43 264 320 220 . . 225 499 150 5771 Core 2943 | . 125 11 91 89 . 34 . . 32 130 . . . 487 . . . . . 13 28 15 88 58 24 . . . 35 36 1647 Absorbed by Shields 1990 | . . . . . . . . . . . . 22 . 89 20 . . 8 . 24 45 17 91 121 8 . . 82 473 157 833 Redirected to Shielding 103 | . . . . . . . . . . . . . . 103 . . . . . . . . . . . . . . . . . Regen/Repaired (Parts) 753 | . . . 86 . . . . . . . . . . . . . 61 . 10 . . 14 31 55 54 . . 43 129 34 236 Core Remaining (%) 79 | 100 50 . 74 83 . . . . 90 . . . . 27 . . . . . . 95 . . . . 83 100 . 97 . . Volleys Fired 556 | 7 58 26 83 74 3 7 4 . 7 31 . 9 . 8 1 . . 1 . . 13 . 29 21 12 9 . 15 31 9 98 Largest 3 | 2 2 2 2 2 2 2 2 . 2 2 . 1 . 2 1 . . 1 . . 1 . 1 1 1 2 . 2 2 1 3 Hottest 201 | 40 40 60 123 200 200 200 200 . 200 200 . 100 . 200 20 . . 36 . . 36 . 120 120 120 201 . 185 190 120 160 Shots Fired 883 | 14 111 52 164 144 6 14 8 . 14 56 . 9 . 16 1 . . 1 . . 13 . 29 21 12 14 . 22 35 9 118 Gun 409 | 14 111 52 158 . . . . . . . . . . . 1 . . . . . . . . . . 5 . 7 . . 61 Cannon 428 | . . . 6 140 6 14 8 . 14 53 . 4 . 16 . . . . . . . . 22 21 12 9 . 15 24 9 55 Launcher 45 | . . . . 4 . . . . . 3 . 5 . . . . . 1 . . 13 . 7 . . . . . 11 . 1 Special 1 | . . . . . . . . . . . . . . . . . . . . . . . . . . . . . . . 1 Kinetic 377 | 14 111 50 158 . . . . . . . . . . . . . . . . . . . . . . . . 1 7 . 36 Thermal 453 | . . 2 6 140 6 14 8 . 14 53 . 4 . 16 1 . . . . . . . 22 21 12 14 . 21 17 9 73 Explosive 45 | . . . . 4 . . . . . 3 . 5 . . . . . 1 . . 13 . 7 . . . . . 11 . 1 Electromagnetic . | . . . . . . . . . . . . . . . . . . . . . . . . . . . . . . . . Entropic 7 | . . . . . . . . . . . . . . . . . . . . . . . . . . . . . . . 7 Robot Hit Streak 43 | 3 12 10 25 9 4 4 7 . 7 13 . 3 . 4 . . . . . . 5 . 9 19 10 7 . 12 12 5 43 Robot Miss Streak 10 | 2 4 2 3 9 2 10 5 . 6 5 . 4 . 5 . . . . . . . . 2 1 1 1 . 2 3 1 4 Penetration Max 1 | . . . . . . . . . . . . . . . . . . . . . . . . . . . . . . . 1 Secondary Targets 6 | . 1 1 3 . . . . . . . . . . . . . . . . . . . . . . . . . . . 1 Max Gunslinging Chain 1 | . 1 1 1 . . . . . . . . . . . . . . . . . . . . . . . . . . . 1 Shots Hit Robots 647 | 8 76 36 120 112 6 10 5 . 10 47 . 2 . 15 5 . 3 . . . 5 1 24 19 10 10 . 15 22 6 80 Core Hits 413 | 4 34 15 50 73 2 7 3 . 9 29 . 9 . 11 3 . 1 . . . 21 1 21 8 2 4 . 5 24 2 75 Critical Kills 11 | . 1 . 1 . . . . . . . . . . . . . . . . . . . . . . . . . 1 . 8 Critical Parts Destroyed 29 | . . 1 2 . . . . . . . . . . . . . . . . . . . . . . 1 . . . . 25 Critical Strikes 70 | . 1 1 3 . . . . . . . . . . . . . . . . . . . . . . 1 . . 2 . 62 Meltdown 1 | . . . . . . . . . . . . . . . . . . . . . . . . . . . . . 1 . . Destroy 65 | . 1 1 3 . . . . . . . . . . . . . . . . . . . . . . 1 . . . . 59 Blast 1 | . . . . . . . . . . . . . . . . . . . . . . . . . . . . . 1 . . Smash 2 | . . . . . . . . . . . . . . . . . . . . . . . . . . . . . . . 2 Detonate 1 | . . . . . . . . . . . . . . . . . . . . . . . . . . . . . . . 1 Melee Attacks 95 | . . . . . . . . 7 . . . . . . 25 . 3 13 1 . 11 2 19 . . . . . 5 . 9 Impact 9 | . . . . . . . . . . . . . . . . . . . . . . . . . . . . . . . 9 Slashing 86 | . . . . . . . . 7 . . . . . . 25 . 3 13 1 . 11 2 19 . . . . . 5 . . Piercing . | . . . . . . . . . . . . . . . . . . . . . . . . . . . . . . . . Sneak Attacks 11 | . . . . . . . . . . . . . . . 3 . 2 . . . . . 3 . . . . . 1 . 2 Combat Hostiles 1 | . . . . . . . . . . . . . . . . . . . . . . . . . . . . . . . 1 Follow-up Attacks . | . . . . . . . . . . . . . . . . . . . . . . . . . . . . . . . . Damage Inflicted 25405 | 97 993 555 1942 4636 206 443 254 . 387 2375 . 565 . 433 418 . 265 . . . 1047 40 1876 846 476 372 . 587 2066 253 4273 Guns 5396 | 97 993 555 1836 . . . . . . . . . . . . . . . . . . . . . . 74 . 209 . . 1632 Cannons 12483 | . . . 106 4179 206 443 254 . 387 1988 . 102 . 433 . . . . . . . . 429 846 476 298 . 378 381 253 1324 Explosions 5495 | . . . . 441 . . . . . 387 . 463 . . . . . . . . 1047 . 732 . . . . . 1518 . 907 Melee 1994 | . . . . . . . . . . . . . . . 418 . 265 . . . . 40 715 . . . . . 167 . 389 Ramming 37 | . . . . 16 . . . . . . . . . . . . . . . . . . . . . . . . . . 21 Kinetic 4374 | 97 993 530 1836 . . . . . . . . . . . . . . . . . . . . . . . . . 177 . 741 Thermal 13091 | . . 25 106 4179 206 443 254 . 387 1988 . 102 . 433 . . . . . . . . 429 846 476 372 . 587 204 253 1801 Explosive 5378 | . . . . 441 . . . . . 387 . 463 . . . . . . . . 1047 . 732 . . . . . 1518 . 790 Electromagnetic . | . . . . . . . . . . . . . . . . . . . . . . . . . . . . . . . . Impact 389 | . . . . . . . . . . . . . . . . . . . . . . . . . . . . . . . 389 Slashing 1605 | . . . . . . . . . . . . . . . 418 . 265 . . . . 40 715 . . . . . 167 . . Piercing . | . . . . . . . . . . . . . . . . . . . . . . . . . . . . . . . . Entropic 531 | . . . . . . . . . . . . . . . . . . . . . . . . . . . . . . . 531 Highest Corruption 33 | . 1 . 20 . . . . . . 1 1 1 1 1 . . . . . . . 2 . . . . . . 6 . 33 Average Corruption 3 | . 1 . 14 . . . . . . 1 1 1 1 1 . . . . . . . 1 . . . . . . 4 . 8 Corruption Purged 2 | . . . . . . . . . . . . . . . . . . . . . . 2 . . . . . . . . . Corruption Blocked 40 | . . . . . . . . . . . . . . . . . . . . . . . . . . . . . 40 . . Effects 24 | . . . . . . . . . . . 1 2 . . . . . . . . . . . . . . . . 7 . 14 Message Errors 7 | . . . . . . . . . . . 1 . . . . . . . . . . . . . . . . . 1 . 5 Matter Fused 4 | . . . . . . . . . . . . . . . . . . . . . . . . . . . . . 2 . 2 Heat Flow Errors 4 | . . . . . . . . . . . . 1 . . . . . . . . . . . . . . . . 2 . 1 Energy Discharges 1 | . . . . . . . . . . . . 1 . . . . . . . . . . . . . . . . . . . Parts Rejected 2 | . . . . . . . . . . . . . . . . . . . . . . . . . . . . . 1 . 1 Data Loss (minor) 3 | . . . . . . . . . . . . . . . . . . . . . . . . . . . . . 1 . 2 Misfires 1 | . . . . . . . . . . . . . . . . . . . . . . . . . . . . . . . 1 Misdirections 1 | . . . . . . . . . . . . . . . . . . . . . . . . . . . . . . . 1 Weapon Failures 1 | . . . . . . . . . . . . . . . . . . . . . . . . . . . . . . . 1 Overload Shots . | . . . . . . . . . . . . . . . . . . . . . . . . . . . . . . . . Overflow Damage 996 | . . . . 75 23 . 13 . . 86 . 4 . . 57 . 99 . . . . . 196 . . . . . 170 21 252 Projectiles 229 | . . . . 68 23 . 13 . . 34 . 4 . . . . . . . . . . 10 . . . . . 6 21 50 Explosions 233 | . . . . 6 . . . . . 52 . . . . . . . . . . . . 5 . . . . . 164 . 6 Melee 534 | . . . . 1 . . . . . . . . . . 57 . 99 . . . . . 181 . . . . . . . 196 Knockbacks 11 | . . . . . . . . . . . . . . . . . . . . . . . . . . . . . 3 . 8 Impact . | . . . . . . . . . . . . . . . . . . . . . . . . . . . . . . . . Kinetic 9 | . . . . . . . . . . . . . . . . . . . . . . . . . . . . . 3 . 6 Secondary 2 | . . . . . . . . . . . . . . . . . . . . . . . . . . . . . . . 2 Self-Inflicted Damage 133 | . . . . 1 . . . . . . . 19 . . . . . . . . . . . . . . . . 24 . 89 Shots 4 | . . . . 1 . . . . . . . 1 . . . . . . . . . . . . . . . . 1 . 1 Rammed 4 | . . . . 2 . . . . . . . . . . . . . . . . . . . . . . . . . . 2 Targets Rammed 4 | . . . . 2 . . . . . . . . . . . . . . . . . . . . . . . . . . 2 Kicked . | . . . . . . . . . . . . . . . . . . . . . . . . . . . . . . . . Crushed . | . . . . . . . . . . . . . . . . . . . . . . . . . . . . . . . . Highest Temperature 276 | . 5 28 26 267 . 15 . . 12 260 . 171 . 262 . . . . . . . . 210 198 2 12 . 48 276 219 187 Average Temperature 59 | . 3 12 8 49 . 9 . . 6 68 . 100 . 93 . . . . . . . . 82 91 1 5 . 15 102 108 70 Received Heat Transfer 2269 | . 279 183 285 549 . 90 . . 36 321 . . . 27 . . . . . 21 35 . 43 18 18 . . 24 12 8 320 Effects 1 | . . . . 1 . . . . . . . . . . . . . . . . . . . . . . . . . . . Energy Bleed 1 | . . . . 1 . . . . . . . . . . . . . . . . . . . . . . . . . . . Siege Activations . | . . . . . . . . . . . . . . . . . . . . . . . . . . . . . . . . Robots Corrupted . | . . . . . . . . . . . . . . . . . . . . . . . . . . . . . . . . Combat Hostiles . | . . . . . . . . . . . . . . . . . . . . . . . . . . . . . . . . Parts Fried . | . . . . . . . . . . . . . . . . . . . . . . . . . . . . . . . . Impact Corruptions 4 | . . . . 1 . . . . . . . . . . . . . . . . . . . . . . . . . . 3 Robots Melted 4 | . . . . 1 . . . . . 1 . . . . . . . . . . . . . . . . . . 1 . 1 Combat Hostiles 4 | . . . . 1 . . . . . 1 . . . . . . . . . . . . . . . . . . 1 . 1 Parts Melted 26 | . . . . 7 1 2 1 . 1 5 . . . . . . . . . . . . 1 . . . . 1 5 . 2 Heat Transferred 14066 | . . 50 125 4900 250 525 300 . 450 2300 . 125 . 373 . . . . . . . . 370 740 407 370 . 592 148 222 1819 Parts Sabotaged . | . . . . . . . . . . . . . . . . . . . . . . . . . . . . . . . . Parts Stolen 2 | . . . . . . . . . . . . 2 . . . . . . . . . . . . . . . . . . . Parts Stripped . | . . . . . . . . . . . . . . . . . . . . . . . . . . . . . . . . Power Chain Reactions . | . . . . . . . . . . . . . . . . . . . . . . . . . . . . . . . . Missiles Intercepted . | . . . . . . . . . . . . . . . . . . . . . . . . . . . . . . . . Alert | -11 -10 -9 -9 -8 -7 -7 -7 -7 -6 -6 -6 -6 -6 -5 -5 -5 -5 -5 -5 -5 -4 -4 -4 -4 -4 -4 -3 -2 -2 -1 -1 ------- Run | Scr Mat Mat Sto Mat Fac Low Low Zio Pro Fac Low Low Dat Pro Fac Was Fac Upp Upp War Pro Fac Ext Cet Arc Hub Res Res Tes Acc Com Peak Influence 770 | 15 203 187 411 626 285 . . . . 290 . . . . 115 35 38 . . . . 100 469 546 394 168 113 311 770 375 603 Initial 282 | . 9 29 42 45 255 . . . . . . . . . 9 5 24 . . . . 9 49 262 218 67 87 63 140 282 240 Average 210 | 7 86 78 160 389 142 . . . . 63 . . . . 37 18 31 . . . . 49 146 392 316 153 103 246 470 315 448 Maximum Alert Level 3 | . 1 . 2 2 1 . . . . 1 . . . . . . . . . . . . 2 2 1 . . 1 3 1 2 Low Security (%) 57 | 100 98 100 75 10 50 . . . . 93 . . . . 100 100 100 . . . . 100 67 . 34 100 100 19 8 . . Level 1 25 | . 1 . 20 47 49 . . . . 6 . . . . . . . . . . . . 26 82 65 . . 80 23 100 20 Level 2 16 | . . . 3 42 . . . . . . . . . . . . . . . . . . 5 17 . . . . 53 . 79 Level 3 . | . . . . . . . . . . . . . . . . . . . . . . . . . . . . . 15 . . Level 4 . | . . . . . . . . . . . . . . . . . . . . . . . . . . . . . . . . Level 5 . | . . . . . . . . . . . . . . . . . . . . . . . . . . . . . . . . High Security . | . . . . . . . . . . . . . . . . . . . . . . . . . . . . . . . . Max Security . | . . . . . . . . . . . . . . . . . . . . . . . . . . . . . . . . Squads Dispatched 37 | . 3 1 2 5 1 . . . . 3 . . . . 5 . . . . . . . 1 . . 1 . 4 6 . 5 Investigation 12 | . 2 . 1 1 . . . . . . . . . . 4 . . . . . . . . . . . . 2 1 . 1 Extermination 5 | . . . . . . . . . . 1 . . . . . . . . . . . . . . . . . . 1 . 3 Reinforcement 17 | . 1 1 1 2 1 . . . . 2 . . . . 1 . . . . . . . 1 . . 1 . 2 4 . . Assault 2 | . . . . 1 . . . . . . . . . . . . . . . . . . . . . . . . . . 1 Garrison 1 | . . . . 1 . . . . . . . . . . . . . . . . . . . . . . . . . . . Intercept . | . . . . . . . . . . . . . . . . . . . . . . . . . . . . . . . . Searches Triggered . | . . . . . . . . . . . . . . . . . . . . . . . . . . . . . . . . Data Miner Redirects 4 | . . . . . . . . . . . . . . . 4 . . . . . . . . . . . . . . . . Construction Impeded 3 | . . . . . . . . . . 1 . . . . . . . . . . . . 1 . . . . . 1 . . Haulers Reinforced 1 | . . . . . . . . . . . . . . . . . . . . . . . . . . . . 1 . . . Active Scanning Responses . | . . . . . . . . . . . . . . . . . . . . . . . . . . . . . . . . Cargo Convoy Interrupts . | . . . . . . . . . . . . . . . . . . . . . . . . . . . . . . . . Stealth | -11 -10 -9 -9 -8 -7 -7 -7 -7 -6 -6 -6 -6 -6 -5 -5 -5 -5 -5 -5 -5 -4 -4 -4 -4 -4 -4 -3 -2 -2 -1 -1 --------- Run | Scr Mat Mat Sto Mat Fac Low Low Zio Pro Fac Low Low Dat Pro Fac Was Fac Upp Upp War Pro Fac Ext Cet Arc Hub Res Res Tes Acc Com Distress Signals 25 | . . . 3 3 . . . . . 1 . . . 9 1 . . . . . . . 2 2 . . . 1 3 . . Communications Jammed . | . . . . . . . . . . . . . . . . . . . . . . . . . . . . . . . . Distress Signals . | . . . . . . . . . . . . . . . . . . . . . . . . . . . . . . . . Times Spotted 384 | . 21 9 35 54 1 8 1 . 6 15 . 3 . 8 8 6 1 7 4 9 10 4 23 10 5 1 . 7 30 10 88 Peak Tracking Total 85 | . 7 2 5 6 1 4 1 . 3 4 . 2 . 4 2 6 . 4 5 10 4 2 8 5 2 1 . 3 8 8 85 Tactical Retreats 24 | . 2 . 2 . . . . . . 1 . . . 1 4 . . 1 1 . 1 . 2 . . . . . 5 . 4 Traps | -11 -10 -9 -9 -8 -7 -7 -7 -7 -6 -6 -6 -6 -6 -5 -5 -5 -5 -5 -5 -5 -4 -4 -4 -4 -4 -4 -3 -2 -2 -1 -1 ------- Run | Scr Mat Mat Sto Mat Fac Low Low Zio Pro Fac Low Low Dat Pro Fac Was Fac Upp Upp War Pro Fac Ext Cet Arc Hub Res Res Tes Acc Com Traps Triggered 7 | . 1 . 2 1 1 . . . . . . . . . 2 . . . . . . . . . . . . . . . . Indirectly . | . . . . . . . . . . . . . . . . . . . . . . . . . . . . . . . . Trap Hack Attempts . | . . . . . . . . . . . . . . . . . . . . . . . . . . . . . . . . Triggered . | . . . . . . . . . . . . . . . . . . . . . . . . . . . . . . . . Disarmed 3 | . . . 3 . . . . . . . . . . . . . . . . . . . . . . . . . . . . Reprogrammed . | . . . . . . . . . . . . . . . . . . . . . . . . . . . . . . . . Reused . | . . . . . . . . . . . . . . . . . . . . . . . . . . . . . . . . Traps Extracted . | . . . . . . . . . . . . . . . . . . . . . . . . . . . . . . . . Installed . | . . . . . . . . . . . . . . . . . . . . . . . . . . . . . . . . Triggered 7 | . . . . . . . . . . . . . . . . . . . . 7 . . . . . . . . . . . Most Traps Carried 1 | . . . . . . 1 1 1 . . . . . . . . . . . . . . . . . . . . . . . Machines | -11 -10 -9 -9 -8 -7 -7 -7 -7 -6 -6 -6 -6 -6 -5 -5 -5 -5 -5 -5 -5 -4 -4 -4 -4 -4 -4 -3 -2 -2 -1 -1 ---------- Run | Scr Mat Mat Sto Mat Fac Low Low Zio Pro Fac Low Low Dat Pro Fac Was Fac Upp Upp War Pro Fac Ext Cet Arc Hub Res Res Tes Acc Com Machines Disabled 25 | . . . 3 4 . . . . . 3 . . . . . . . 1 . . . . 6 . . . . 1 5 . 2 Max in Single Turn 3 | . . . 1 1 . . . . . 3 . . . . . . . 1 . . . . 2 . . . . 1 1 . 1 Garrison Access 3 | . . . . 1 1 . . . . . . . . . 1 . . . . . . . . . . . . . . . . Energy Cycler 3 | . . . . . . . . . . . . . . . . . . . . . . . 3 . . . . . . . . Machines Sabotaged . | . . . . . . . . . . . . . . . . . . . . . . . . . . . . . . . . Garrisons Compromised . | . . . . . . . . . . . . . . . . . . . . . . . . . . . . . . . . Overloaded Fab Kills . | . . . . . . . . . . . . . . . . . . . . . . . . . . . . . . . . Hacking | -11 -10 -9 -9 -8 -7 -7 -7 -7 -6 -6 -6 -6 -6 -5 -5 -5 -5 -5 -5 -5 -4 -4 -4 -4 -4 -4 -3 -2 -2 -1 -1 --------- Run | Scr Mat Mat Sto Mat Fac Low Low Zio Pro Fac Low Low Dat Pro Fac Was Fac Upp Upp War Pro Fac Ext Cet Arc Hub Res Res Tes Acc Com Machines Accessed 73 | . 5 3 10 11 3 . 2 . . 2 . 1 4 . 8 . 1 . 2 3 . 2 2 1 . 2 2 2 2 2 3 Terminals 44 | . 5 2 6 8 2 . 1 . . 2 . . . . 2 . . . . . . 1 2 1 . 2 2 1 2 2 3 Fabricators 5 | . . . . . . . . . . . . . . . 4 . . . . . . 1 . . . . . . . . . Repair Stations 4 | . . . 2 . . . . . . . . . . . 1 . 1 . . . . . . . . . . . . . . Recycling Units 4 | . . 1 1 2 . . . . . . . . . . . . . . . . . . . . . . . . . . . Scanalyzers 2 | . . . . 1 . . . . . . . . . . . . . . . . . . . . . . . 1 . . . Garrison Access 3 | . . . 1 . 1 . . . . . . . . . 1 . . . . . . . . . . . . . . . . Total Hacks 190 | . 16 6 27 23 8 . 2 . . 4 . 1 30 . 20 . 3 . 6 4 . 7 6 1 . 4 4 3 5 5 5 Successful 117 | . 6 2 20 10 3 . 2 . . 2 . 1 30 . 9 . 2 . 6 4 . 4 3 1 . 3 2 1 3 1 2 Failed 72 | . 9 4 7 13 5 . . . . 2 . . . . 11 . 1 . . . . 3 3 . . 1 2 2 2 4 3 Catastrophic 16 | . 2 . 2 4 . . . . . 2 . . . . 2 . . . . . . 1 . . . . . 1 . . 2 Database Lockouts 1 | . 1 . . . . . . . . . . . . . . . . . . . . . . . . . . . . . . Manual 73 | . 12 4 12 20 2 . . . . . . . . . 3 . . . . 1 . 4 4 1 . 3 2 1 1 . 3 Terminals 105 | . 16 4 16 19 4 . 1 . . 4 . . . . 4 . . . . . . 5 6 1 . 4 4 2 5 5 5 Fabricators 13 | . . . . . . . . . . . . . . . 11 . . . . . . 2 . . . . . . . . . Repair Stations 11 | . . . 5 . . . . . . . . . . . 3 . 3 . . . . . . . . . . . . . . Recycling Units 8 | . . 2 3 3 . . . . . . . . . . . . . . . . . . . . . . . . . . . Scanalyzers 2 | . . . . 1 . . . . . . . . . . . . . . . . . . . . . . . 1 . . . Garrison Access 9 | . . . 3 . 4 . . . . . . . . . 2 . . . . . . . . . . . . . . . . Terminal Hacks 80 | . 6 2 8 5 2 . 2 . . 2 . 1 30 . 1 . . . 6 4 . 1 3 1 . 2 . . 2 1 1 Record 21 | . . . . 1 . . 1 . . . . . 11 . . . . . 5 2 . 1 . . . . . . . . . Part Schematic 12 | . . . . . . . . . . . . . 11 . . . . . . . . . . . . 1 . . . . . Robot Schematic 5 | . . . . . . . . . . . . . 5 . . . . . . . . . . . . . . . . . . Robot Analysis 2 | . 1 1 . . . . . . . . . . . . . . . . . . . . . . . . . . . . . Prototype ID Bank 6 | . 1 . . 2 . . . . . . . . 3 . . . . . . . . . . . . . . . . . . Open Door 8 | . . . 2 . . . 1 . . . . 1 . . . . . . 1 2 . . . 1 . . . . . . . Level Access Points 2 | . 1 . . . . . . . . . . . . . . . . . . . . . . . . 1 . . . . . Terminal Index 1 | . . . . . . . . . . . . . . . . . . . . . . . . . . . . . . 1 . Scanalyzer Index 1 | . 1 . . . . . . . . . . . . . . . . . . . . . . . . . . . . . . Alert Level 1 | . . . . . . . . . . 1 . . . . . . . . . . . . . . . . . . . . . Unreport Threat 14 | . 1 . 4 2 1 . . . . . . . . . 1 . . . . . . . 3 . . . . . 2 . . Locate Traps 3 | . . 1 1 . . . . . . 1 . . . . . . . . . . . . . . . . . . . . . Disarm Traps 1 | . . . 1 . . . . . . . . . . . . . . . . . . . . . . . . . . . . Registered Components 1 | . . . . . 1 . . . . . . . . . . . . . . . . . . . . . . . . . . Zone Layout 1 | . 1 . . . . . . . . . . . . . . . . . . . . . . . . . . . . . . Disengage Seal 1 | . . . . . . . . . . . . . . . . . . . . . . . . . . . . . . . 1 Fabricator Hacks 6 | . . . . . . . . . . . . . . . 5 . . . . . . 1 . . . . . . . . . Network Status 1 | . . . . . . . . . . . . . . . . . . . . . . 1 . . . . . . . . . Load Schematic 4 | . . . . . . . . . . . . . . . 4 . . . . . . . . . . . . . . . . Build 1 | . . . . . . . . . . . . . . . 1 . . . . . . . . . . . . . . . . Repair Station Hacks 5 | . . . 3 . . . . . . . . . . . . . 2 . . . . . . . . . . . . . . Scan Component 3 | . . . 2 . . . . . . . . . . . . . 1 . . . . . . . . . . . . . . Repair 2 | . . . 1 . . . . . . . . . . . . . 1 . . . . . . . . . . . . . . Recycling Unit Hacks . | . . . . . . . . . . . . . . . . . . . . . . . . . . . . . . . . Scanalyzer . | . . . . . . . . . . . . . . . . . . . . . . . . . . . . . . . . Garrison Access Hacks 2 | . . . . . 1 . . . . . . . . . 1 . . . . . . . . . . . . . . . . Seal Access 2 | . . . . . 1 . . . . . . . . . 1 . . . . . . . . . . . . . . . . Unauthorized Hacks 24 | . . . 9 5 . . . . . . . . . . 2 . . . . . . 2 . . . 1 2 1 1 . 1 Terminals 12 | . . . 3 2 . . . . . . . . . . . . . . . . . 2 . . . 1 2 . 1 . 1 Track 1 | . . . 1 . . . . . . . . . . . . . . . . . . . . . . . . . . . . Assimilate 2 | . . . . . . . . . . . . . . . . . . . . . . 1 . . . . . . 1 . . Botnet 7 | . . . 1 2 . . . . . . . . . . . . . . . . . 1 . . . 1 1 . . . 1 Disrupt 1 | . . . 1 . . . . . . . . . . . . . . . . . . . . . . . . . . . . Operators 1 | . . . . . . . . . . . . . . . . . . . . . . . . . . . 1 . . . . Fabricators 2 | . . . . . . . . . . . . . . . 2 . . . . . . . . . . . . . . . . Recompile 2 | . . . . . . . . . . . . . . . 2 . . . . . . . . . . . . . . . . Repair Stations . | . . . . . . . . . . . . . . . . . . . . . . . . . . . . . . . . Recycling Units 5 | . . . 3 2 . . . . . . . . . . . . . . . . . . . . . . . . . . . Reject 1 | . . . 1 . . . . . . . . . . . . . . . . . . . . . . . . . . . . Recyclers 1 | . . . 1 . . . . . . . . . . . . . . . . . . . . . . . . . . . . Mask 3 | . . . 1 2 . . . . . . . . . . . . . . . . . . . . . . . . . . . Scanalyzers 2 | . . . . 1 . . . . . . . . . . . . . . . . . . . . . . . 1 . . . Extract 2 | . . . . 1 . . . . . . . . . . . . . . . . . . . . . . . 1 . . . Garrison Access 3 | . . . 3 . . . . . . . . . . . . . . . . . . . . . . . . . . . . Broadcast 1 | . . . 1 . . . . . . . . . . . . . . . . . . . . . . . . . . . . Decoy 1 | . . . 1 . . . . . . . . . . . . . . . . . . . . . . . . . . . . Watchers 1 | . . . 1 . . . . . . . . . . . . . . . . . . . . . . . . . . . . Data Cores Recovered . | . . . . . . . . . . . . . . . . . . . . . . . . . . . . . . . . Used . | . . . . . . . . . . . . . . . . . . . . . . . . . . . . . . . . Hacking Detections 48 | . 4 3 6 9 3 . . . . 2 . . . . 5 . . . . . . 2 2 1 . 2 2 1 2 2 2 Full Trace Events 6 | . 1 . 1 . . . . . . . . . . . 2 . . . . . . . . . . . . 1 . . 1 Feedback Events 1 | . 1 . . . . . . . . . . . . . . . . . . . . . . . . . . . . . . Corruption 1 | . 1 . . . . . . . . . . . . . . . . . . . . . . . . . . . . . . Feedback Blocked . | . . . . . . . . . . . . . . . . . . . . . . . . . . . . . . . . Robot Schematics Acquired 7 | . . . . . . . . . . . . . 5 . . . . . . . . . . . . . . . 2 . . Robots Built . | . . . . . . . . . . . . . . . . . . . . . . . . . . . . . . . . Authchips . | . . . . . . . . . . . . . . . . . . . . . . . . . . . . . . . . Time . | . . . . . . . . . . . . . . . . . . . . . . . . . . . . . . . . Total Robot Build Rating . | . . . . . . . . . . . . . . . . . . . . . . . . . . . . . . . . Part Schematics Acquired 16 | . . . . 2 . . . . . . . . 11 . . . . . . . . . . . . 1 . 2 . . . Parts Built 1 | . . . . . . . . . . . . . . . 1 . . . . . . . . . . . . . . . . Authchips 1 | . . . . . . . . . . . . . . . 1 . . . . . . . . . . . . . . . . Time 152 | . . . . . . . . . . . . . . . 152 . . . . . . . . . . . . . . . . Total Part Build Rating 5 | . . . . . . . . . . . . . . . 5 . . . . . . . . . . . . . . . . Parts Repaired 2 | . . . 1 . . . . . . . . . . . . . 1 . . . . . . . . . . . . . . Time 129 | . . . 26 . . . . . . . . . . . . . 103 . . . . . . . . . . . . . . Parts Recycled . | . . . . . . . . . . . . . . . . . . . . . . . . . . . . . . . . Recycled Matter . | . . . . . . . . . . . . . . . . . . . . . . . . . . . . . . . . Retrieved Matter . | . . . . . . . . . . . . . . . . . . . . . . . . . . . . . . . . Retrieved Components . | . . . . . . . . . . . . . . . . . . . . . . . . . . . . . . . . Parts Scanalyzed . | . . . . . . . . . . . . . . . . . . . . . . . . . . . . . . . . Part Schematics Acquired . | . . . . . . . . . . . . . . . . . . . . . . . . . . . . . . . . Parts Damaged . | . . . . . . . . . . . . . . . . . . . . . . . . . . . . . . . . Bothacking | -11 -10 -9 -9 -8 -7 -7 -7 -7 -6 -6 -6 -6 -6 -5 -5 -5 -5 -5 -5 -5 -4 -4 -4 -4 -4 -4 -3 -2 -2 -1 -1 ------------ Run | Scr Mat Mat Sto Mat Fac Low Low Zio Pro Fac Low Low Dat Pro Fac Was Fac Upp Upp War Pro Fac Ext Cet Arc Hub Res Res Tes Acc Com Used RIF Installer . | . . . . . . . . . . . . . . . . . . . . . . . . . . . . . . . . Robots Hacked 1 | . . . . . . . . . . . . . . . . . . . . . . . . . . . . . . . 1 Non-combat . | . . . . . . . . . . . . . . . . . . . . . . . . . . . . . . . . Combat . | . . . . . . . . . . . . . . . . . . . . . . . . . . . . . . . . Robot Hacks Applied . | . . . . . . . . . . . . . . . . . . . . . . . . . . . . . . . . Manual 1 | . . . . . . . . . . . . . . . . . . . . . . . . . . . . . . . 1 Relay Couplers Released . | . . . . . . . . . . . . . . . . . . . . . . . . . . . . . . . . Fabnet Peak Effective % . | . . . . . . . . . . . . . . . . . . . . . . . . . . . . . . . . Robots Rewired . | . . . . . . . . . . . . . . . . . . . . . . . . . . . . . . . . Allies Hacked . | . . . . . . . . . . . . . . . . . . . . . . . . . . . . . . . . Hacks Repelled . | . . . . . . . . . . . . . . . . . . . . . . . . . . . . . . . . Allies | -11 -10 -9 -9 -8 -7 -7 -7 -7 -6 -6 -6 -6 -6 -5 -5 -5 -5 -5 -5 -5 -4 -4 -4 -4 -4 -4 -3 -2 -2 -1 -1 -------- Run | Scr Mat Mat Sto Mat Fac Low Low Zio Pro Fac Low Low Dat Pro Fac Was Fac Upp Upp War Pro Fac Ext Cet Arc Hub Res Res Tes Acc Com Total Allies 26 | . . . . . 3 . . . . . . . . 1 . . . . . . . 3 13 5 . . . . 1 . . Largest Group 10 | . . . . . 3 3 2 1 1 . . . . 1 . . . . . . . 3 10 8 6 5 5 5 1 . . Highest-Rated Group 686 | . . . . . 93 93 62 31 31 . . . . 96 . . . . . . . 218 471 686 537 403 403 403 26 . . Highest-Rated Ally 159 | . . . . . 31 31 31 31 31 . . . . 96 . . . . . . . 96 159 159 134 96 96 96 26 . . Total Orders . | . . . . . . . . . . . . . . . . . . . . . . . . . . . . . . . . Ally Attacks 214 | . . . . . . 25 10 . 1 . . . . 6 . . . . . . . . 84 36 36 . . 16 . . . Total Damage 6983 | . . . . . . 442 168 . 22 . . . . 252 . . . . . . . . 2613 1580 1420 . . 486 . . . Kills 32 | . . . . . . 5 . . . . . . . . . . . . . . . . 15 8 3 . . 1 . . . Allies Corrupted 1 | . . . . . . . 1 . . . . . . . . . . . . . . . . . . . . . . . . Allies Melted 1 | . . . . . . . . . . . . . . . . . . . . . . . 1 . . . . . . . . Intel | -11 -10 -9 -9 -8 -7 -7 -7 -7 -6 -6 -6 -6 -6 -5 -5 -5 -5 -5 -5 -5 -4 -4 -4 -4 -4 -4 -3 -2 -2 -1 -1 ------- Run | Scr Mat Mat Sto Mat Fac Low Low Zio Pro Fac Low Low Dat Pro Fac Was Fac Upp Upp War Pro Fac Ext Cet Arc Hub Res Res Tes Acc Com Robot Analysis Total 2 | . 1 1 . . . . . . . . . . . . . . . . . . . . . . . . . . . . . Derelict Logs Recovered 8 | . . . . . . 1 1 1 2 . . . . 2 . . . . . . 1 . . . . . . . . . . Drone Launches . | . . . . . . . . . . . . . . . . . . . . . . . . . . . . . . . . Drone Recoveries . | . . . . . . . . . . . . . . . . . . . . . . . . . . . . . . . . Exploration | -11 -10 -9 -9 -8 -7 -7 -7 -7 -6 -6 -6 -6 -6 -5 -5 -5 -5 -5 -5 -5 -4 -4 -4 -4 -4 -4 -3 -2 -2 -1 -1 ------------- Run | Scr Mat Mat Sto Mat Fac Low Low Zio Pro Fac Low Low Dat Pro Fac Was Fac Upp Upp War Pro Fac Ext Cet Arc Hub Res Res Tes Acc Com Turns Passed 18218 | 83 1638 543 1786 1815 802 761 472 1625 447 931 118 308 46 337 841 65 196 596 177 278 444 172 534 309 612 153 95 334 478 102 1120 Spaces Moved 16215 | 33 999 271 697 880 501 468 292 1021 267 449 243 585 89 555 1227 131 385 769 435 593 820 373 630 227 48 240 155 622 805 214 1191 Core 85 | . . . . . . . . . . . . . . 52 33 . . . . . . . . . . . . . . . . Treads 4576 | 28 1 53 560 880 501 468 292 1021 267 436 . . . . . . . . . . . . . . . . . . . . 69 Legs . | . . . . . . . . . . . . . . . . . . . . . . . . . . . . . . . . Wheels 1358 | 5 998 218 137 . . . . . . . . . . . . . . . . . . . . . . . . . . . . Hover 9851 | . . . . . . . . . . 13 243 585 89 503 849 131 385 769 435 593 820 373 630 227 48 240 155 622 805 214 1122 Flight 345 | . . . . . . . . . . . . . . . 345 . . . . . . . . . . . . . . . . Fastest Speed 35 | 100 100 150 150 156 156 156 156 156 156 48 48 48 48 48 38 38 38 38 38 35 38 38 38 38 40 43 40 36 36 36 36 Average Speed 84 | 150 140 151 203 159 156 156 156 156 156 161 48 48 48 48 40 38 38 38 38 37 38 38 41 39 43 43 40 36 37 36 58 Slowest Speed 400 | 160 320 160 400 240 156 156 156 156 156 240 48 48 48 176 50 38 98 38 38 38 38 38 88 40 98 43 40 40 104 36 360 Overloaded Moves . | . . . . . . . . . . . . . . . . . . . . . . . . . . . . . . . . Propulsion Burnouts . | . . . . . . . . . . . . . . . . . . . . . . . . . . . . . . . . Robots Hopped 3 | . . . . . . . . . . . . . . . 3 . . . . . . . . . . . . . . . . Cave-ins Triggered 2 | . . . . . . . . . . . . . . . . . . . . . . . . . . . . . . . 2 Exploration Rate (%) 51 | 4 96 15 76 76 11 63 52 85 45 13 49 80 72 79 39 77 11 81 72 73 73 13 67 74 76 25 4 23 87 8 26 Regions Visited 31 Branch Regions 19 Pre-discovered Areas 4 | . . . . . . . . 2 1 . . . 1 . . . . . . . . . . . . . . . . . . Known Exits Taken 25 | . 1 . . . 1 1 1 1 1 1 1 1 1 1 . . 1 1 1 1 1 1 1 1 1 1 1 1 1 1 . Unknown Exits Taken 4 | 1 . 1 1 1 . . . . . . . . . . . . . . . . . . . . . . . . . . . Scrap Searched 17 | . . . . . . 7 1 . 1 . 1 1 . 2 . . . 1 2 . 1 . . . . . . . . . . Spaces Dug 97 | . . . . . . . . . . . . . . . 19 . . 12 1 . 24 . 16 . . 1 . . 3 1 20 Terrain Destroyed 504 | . . . . 19 . . . . . 16 . 55 . . 19 . . 27 1 . 132 . 68 1 1 2 . 2 112 3 46 Melee 49 | . . . . . . . . . . . . . . . 19 . . 12 1 . 9 . 5 . . . . . . . 3 Projectile 52 | . . . . . . . . . . . . . . . . . . . . . . . 12 1 1 2 . 2 8 3 23 AOE 399 | . . . . 19 . . . . . 16 . 55 . . . . . 15 . . 123 . 51 . . . . . 104 . 16 Terrain Rammed . | . . . . . . . . . . . . . . . . . . . . . . . . . . . . . . . . Walls Destroyed . | . . . . . . . . . . . . . . . . . . . . . . . . . . . . . . . . Machines Disabled . | . . . . . . . . . . . . . . . . . . . . . . . . . . . . . . . . Actions | -11 -10 -9 -9 -8 -7 -7 -7 -7 -6 -6 -6 -6 -6 -5 -5 -5 -5 -5 -5 -5 -4 -4 -4 -4 -4 -4 -3 -2 -2 -1 -1 --------- Run | Scr Mat Mat Sto Mat Fac Low Low Zio Pro Fac Low Low Dat Pro Fac Was Fac Upp Upp War Pro Fac Ext Cet Arc Hub Res Res Tes Acc Com Total 19496 | 50 1132 355 902 1085 514 479 297 1043 277 577 243 602 92 603 1527 146 427 1051 445 648 922 399 838 424 626 274 187 707 933 229 1462 Wait 1932 | 1 24 18 58 57 4 . 2 1 2 30 . . . 24 196 10 24 266 6 19 79 13 151 166 564 23 32 41 40 2 79 Move 16177 | 32 998 270 696 879 500 467 291 1020 266 448 242 584 88 554 1221 130 384 768 434 592 819 372 629 226 47 239 154 621 804 213 1189 Hop 3 | . . . . . . . . . . . . . . . 3 . . . . . . . . . . . . . . . . Pick Up 148 | 3 26 12 11 18 3 1 . 2 1 10 . 3 1 3 19 1 8 . 2 5 . 2 1 4 . 1 . 6 3 . 2 Fast Attach 141 | 1 5 3 10 4 . . . 4 . 9 . . . . 21 2 1 2 . 11 . 4 1 1 . 1 . 9 16 1 35 Attach 53 | . . 3 1 5 2 . . . . 5 . 3 2 3 11 . . . . 1 . 1 . 2 2 . 1 1 . 2 8 Detach 17 | . . . 1 . . . . 1 . 1 . . . 1 . . . . . 3 . . . . 1 . . . 2 2 5 Swap 113 | 4 3 7 15 19 . 2 . 2 . 14 1 . . 1 7 . 4 . . 1 . 1 6 1 . 1 . 3 11 . 10 Drop 254 | 2 18 16 26 27 2 2 . 6 1 29 . 3 1 9 23 3 3 1 2 16 . 4 2 3 . . . 11 21 . 23 Fire 556 | 7 58 26 83 74 3 7 4 . 7 31 . 9 . 8 1 . . 1 . . 13 . 29 21 12 9 . 15 31 9 98 Melee 95 | . . . . . . . . 7 . . . . . . 25 . 3 13 1 . 11 2 19 . . . . . 5 . 9 Ram 2 | . . . . . . . . . . . . . . . . . . . . . . . . . . . . . . . 2 Kick . | . . . . . . . . . . . . . . . . . . . . . . . . . . . . . . . . Crush 2 | . . . . 2 . . . . . . . . . . . . . . . . . . . . . . . . . . . Escape Stasis 2 | . . . . . . . . . . . . . . . . . . . . . . . . . . . . . . . 2 Rewire 1 | . . . 1 . . . . . . . . . . . . . . . . . . . . . . . . . . . . Trap . | . . . . . . . . . . . . . . . . . . . . . . . . . . . . . . . . Miscellaneous . | . . . . . . . . . . . . . . . . . . . . . . . . . . . . . . . . Route ------- -11/Scrapyard -10/Materials (discovered 4 exits: *Mat x3 / [*Min]) -9/Materials -9/Storage -8/Materials (discovered 2 exits: *Fac x2) -7/Factory -7/Lower Caves -7/Lower Caves -7/Zion -6/Proximity Caves -6/Factory (discovered 2 exits: *Low x2) -6/Lower Caves -6/Lower Caves (discovered 2 exits: *Fac / *Dat) -6/Data Miner -5/Proximity Caves -5/Factory (discovered 2 exits: *Fac / Upp) -5/Waste -5/Factory -5/Upper Caves -5/Upper Caves (discovered 2 exits: *Fac / *War) -5/Warlord -4/Proximity Caves -4/Factory (discovered 2 exits: *Res / *Ext) -4/Extension (discovered 2 exits: *Res / *Cet) -4/Cetus (discovered 2 exits: *Res / *Arc) -4/Archives (discovered 3 exits: *Res / *Hub x2) -4/Hub_04(d) (discovered 4 exits: *Res x4) -3/Research -2/Research -2/Testing -1/Access -1/Command History --------- Turn | Location | Event 15 | -11/Scrapyard | Discovered new exit (range 3) 84 | -11/Scrapyard | Entered Materials 221 | -10/Materials | Discovered new exit (range 14) 319 | -10/Materials | Build established: Mutant 608 | -10/Materials | Central database locked down 643 | -10/Materials | Discovered new exit (range 8) 760 | -10/Materials | Discovered new exit (range 13) 988 | -10/Materials | Identified exit to Materials 1358 | -10/Materials | Discovered new exit (range 8) 1722 | -10/Materials | Entered another Materials area 1722 | -9/Materials | Evolved 2 slots: Propulsion x1, Utility x1 2031 | -9/Materials | Discovered new exit (range 15) 2265 | -9/Materials | Entered Storage 2744 | -9/Storage | Repaired Lgt. Armor Plating 2927 | -9/Storage | Discovered new exit (range 16) 4037 | -9/Storage | System corruption reached 10% 4051 | -9/Storage | Entered Materials 4051 | -8/Materials | Evolved 2 slots: Propulsion x1, Utility x1 4329 | -8/Materials | Build established: Scavenger-Mutant 4636 | -8/Materials | Discovered new exit (range 12) 5277 | -8/Materials | Build established: Mutant 5440 | -8/Materials | Discovered new exit (range 8) 5866 | -8/Materials | Entered Factory 5866 | -7/Factory | Evolved 2 slots: Utility x2 6031 | -7/Factory | Discovered new exit (range 14) 6059 | -7/Factory | Identified exit to Lower Caves 6559 | -7/Factory | Allied Derelicts emerged from ambush trap array 6668 | -7/Factory | Entered Lower Caves 6668 | -7/Lower Caves | Accompanied by 3 allies 7192 | -7/Lower Caves | Learned Factory stockpile data 7410 | -7/Lower Caves | Discovered new exit (range 10) 7427 | -7/Lower Caves | Identified exit to Lower Caves 7429 | -7/Lower Caves | Entered another Lower Caves area 7429 | -7/Lower Caves | Accompanied by 2 allies 7465 | -7/Lower Caves | Encountered a Warlord checkpoint 7477 | -7/Lower Caves | Learned Factory emergency access door positions 7886 | -7/Lower Caves | Discovered new exit (range 7) 7900 | -7/Lower Caves | Identified exit to Zion 7901 | -7/Lower Caves | Entered Zion 7901 | -7/Zion | Accompanied by 1 ally 7967 | -7/Zion | Learned location of Warlord (-5) 8003 | -7/Zion | Discovered new exit (range 16) 8282 | -7/Zion | Given the Hacking Drone Bay 8720 | -7/Zion | Found Prototype Launcher 8720 | -7/Zion | Identified Gui. Missile Launcher 8938 | -7/Zion | Given A8's code to call for help 9524 | -7/Zion | Identified exit to Proximity Caves 9526 | -7/Zion | Entered Proximity Caves 9526 | -6/Proximity Caves | Accompanied by 1 ally 9685 | -6/Proximity Caves | Attracted the attention of an 0b10 checkpoint 9946 | -6/Proximity Caves | Spotted B-75 Beast 9967 | -6/Proximity Caves | Discovered new exit (range 5) 9971 | -6/Proximity Caves | Identified exit to Factory 9973 | -6/Proximity Caves | Entered Factory 9973 | -6/Factory | Evolved 2 slots: Power x1, Utility x1 9974 | -6/Factory | Identified exit to Lower Caves 10181 | -6/Factory | Spotted B-75 Beast 10274 | -6/Factory | Build established: Skirmisher 10492 | -6/Factory | Discovered exit to Lower Caves (range 15) 10738 | -6/Factory | Destroyed B-75 Beast 10904 | -6/Factory | Entered Lower Caves 11016 | -6/Lower Caves | Discovered new exit (range 14) 11022 | -6/Lower Caves | Identified exit to Lower Caves 11022 | -6/Lower Caves | Entered another Lower Caves area 11022 | -6/Lower Caves | Discovered new exit (range 13) 11167 | -6/Lower Caves | Build established: Scavenger-Scout 11184 | -6/Lower Caves | Encountered a Warlord checkpoint 11320 | -6/Lower Caves | Discovered new exit (range 16) 11326 | -6/Lower Caves | Identified exit to Data Miner 11330 | -6/Lower Caves | Entered Data Miner 11331 | -6/Data Miner | Discovered new exit (range 6) 11338 | -6/Data Miner | Met Data Miner 11350 | -6/Data Miner | Learned location of Section 7 (-3) 11350 | -6/Data Miner | Acquired the access code to Warlord's prototype stash 11357 | -6/Data Miner | Received God Mode back door access code from Data Miner 11376 | -6/Data Miner | Identified exit to Proximity Caves 11376 | -6/Data Miner | Entered Proximity Caves 11511 | -5/Proximity Caves | Identified exit to Factory 11514 | -5/Proximity Caves | Build established: Scavenger-Mutant 11547 | -5/Proximity Caves | Spotted B-75 Beast 11560 | -5/Proximity Caves | Escorted by Enhanced Grunt 11584 | -5/Proximity Caves | Destroyed B-75 Beast 11706 | -5/Proximity Caves | Core integrity fell below 50% 11713 | -5/Proximity Caves | Entered Factory 11713 | -5/Factory | Evolved 2 slots: Utility x2 11714 | -5/Factory | Identified exit to Upper Caves 11715 | -5/Factory | Lost 5 parts (4n1u) 11788 | -5/Factory | Incoming investigation squad redirected 11933 | -5/Factory | Incoming investigation squad redirected 12038 | -5/Factory | Spotted B-75 Beast 12165 | -5/Factory | Incoming investigation squad redirected 12311 | -5/Factory | Fabricated Lgt. Regenerative Plating (x1) 12329 | -5/Factory | Incoming investigation squad redirected 12387 | -5/Factory | Discovered new exit (range 11) 12391 | -5/Factory | Identified exit to Factory 12554 | -5/Factory | Sucked down chute 12554 | -5/Factory | Entered Waste 12558 | -5/Waste | Spotted C-40 Crusher 12564 | -5/Waste | Spotted C-40 Crusher 12584 | -5/Waste | Spotted C-40 Crusher 12585 | -5/Waste | Spotted C-40 Crusher 12585 | -5/Waste | Spotted C-40 Crusher 12592 | -5/Waste | Spotted C-40 Crusher 12593 | -5/Waste | Discovered new exit (range 22) 12598 | -5/Waste | Build established: Ninja 12606 | -5/Waste | Found Prototype Device 12606 | -5/Waste | Identified Exp. Sensor Array 12619 | -5/Waste | Identified exit to Factory 12619 | -5/Waste | Entered Factory 12663 | -5/Factory | Discovered exit to Upper Caves (range 9) 12780 | -5/Factory | Repaired Broken Enh. Nova Cannon 12815 | -5/Factory | Entered Upper Caves 12833 | -5/Upper Caves | Found Alien Artifact 12833 | -5/Upper Caves | Identified Dimensional Node Initializer 12833 | -5/Upper Caves | Initialized slip node 12950 | -5/Upper Caves | Build established: Scout 13278 | -5/Upper Caves | Discovered new exit (range 19) 13411 | -5/Upper Caves | Identified exit to Upper Caves 13411 | -5/Upper Caves | Entered another Upper Caves area 13412 | -5/Upper Caves | Discovered exit to Factory (range 11) 13454 | -5/Upper Caves | Learned Research trap positions 13454 | -5/Upper Caves | Learned Factory terminal intel 13528 | -5/Upper Caves | Attracted the attention of an 0b10 checkpoint 13585 | -5/Upper Caves | Discovered new exit (range 8) 13587 | -5/Upper Caves | Identified exit to Warlord 13588 | -5/Upper Caves | Entered Warlord 13683 | -5/Warlord | Visited the Vortex Lab 13687 | -5/Warlord | Found Prototype Energy Gun 13687 | -5/Warlord | Identified Vortex Shotgun 13692 | -5/Warlord | Found Vortex Shotgun 13694 | -5/Warlord | Found Prototype Energy Cannon 13694 | -5/Warlord | Identified Vortex Cannon 13698 | -5/Warlord | Found Vortex Cannon 13704 | -5/Warlord | Warlord's base attacked by MAIN.C 13724 | -5/Warlord | Met Warlord 13731 | -5/Warlord | Opened Warlord's prototype stash 13744 | -5/Warlord | Found Prototype Processor 13744 | -5/Warlord | Identified Exp. Targeting Computer 13750 | -5/Warlord | Found Prototype Processor 13750 | -5/Warlord | Identified Exp. Target Analyzer 13752 | -5/Warlord | Found Prototype Device 13752 | -5/Warlord | Identified Thermal Barrier 13827 | -5/Warlord | Opened side exit 13861 | -5/Warlord | Discovered new exit (range 16) 13866 | -5/Warlord | Identified exit to Proximity Caves 13866 | -5/Warlord | Entered Proximity Caves 14058 | -4/Proximity Caves | Learned 4 Research zone layouts 14143 | -4/Proximity Caves | Attracted the attention of an 0b10 checkpoint 14216 | -4/Proximity Caves | Spotted B-86 Titan 14306 | -4/Proximity Caves | Discovered exit to Factory (range 9) 14310 | -4/Proximity Caves | Entered Factory 14310 | -4/Factory | Evolved 2 slots: Utility x2 14311 | -4/Factory | Loaded intel: 28 terminal locations 14396 | -4/Factory | Discovered new exit (range 22) 14404 | -4/Factory | Identified exit to Research 14468 | -4/Factory | Discovered new exit (range 12) 14473 | -4/Factory | Enhanced Grunt warped into view, answering call for help 14473 | -4/Factory | Identified exit to Extension 14474 | -4/Factory | Enhanced Grunt warped into view, answering call for help 14482 | -4/Factory | Entered Extension 14482 | -4/Extension | Accompanied by 3 allies 14534 | -4/Extension | Rescued a captive Derelict 14604 | -4/Extension | Rescued a captive Derelict 14606 | -4/Extension | Rescued a captive Derelict 14629 | -4/Extension | Rescued a captive Derelict 14728 | -4/Extension | Rescued a captive Derelict 14751 | -4/Extension | Rescued a captive Derelict 14752 | -4/Extension | Rescued a captive Derelict 14755 | -4/Extension | Spotted B-86 Titan 14763 | -4/Extension | Rescued a captive Derelict 14771 | -4/Extension | Rescued a captive Derelict 14840 | -4/Extension | Rescued A7 14876 | -4/Extension | Rescued a captive Derelict 14879 | -4/Extension | Rescued a captive Derelict 14885 | -4/Extension | Spotted B-86 Titan 14915 | -4/Extension | Energy Cycler disabled 14918 | -4/Extension | Rescued a captive Derelict 14987 | -4/Extension | Discovered exit to Research (range 10) 14987 | -4/Extension | Discovered new exit (range 6) 14989 | -4/Extension | Identified exit to Cetus 15016 | -4/Extension | Disrupted transfer network 15016 | -4/Extension | Entered Cetus 15016 | -4/Cetus | Accompanied by 3 allies (A7) 15021 | -4/Cetus | Acquired a Cetus Manufacturing Module code from A7 15022 | -4/Cetus | Spotted Cetus Guard 15022 | -4/Cetus | Spotted Cetus Guard 15024 | -4/Cetus | Spotted Cetus Guard 15026 | -4/Cetus | Spotted Cetus Guard 15028 | -4/Cetus | Destroyed Cetus Guard 15036 | -4/Cetus | Allies destroyed Cetus Guard 15038 | -4/Cetus | Allies destroyed Cetus Guard 15050 | -4/Cetus | Allies destroyed Cetus Guard 15088 | -4/Cetus | Started Cetus Manufacturing Module 15113 | -4/Cetus | Manufactured an Enhanced Grunt 15138 | -4/Cetus | Manufactured an Enhanced Grunt 15139 | -4/Cetus | Escorted A7 to Cetus Mainframe 15142 | -4/Cetus | Discovered new exit (range 22) 15150 | -4/Cetus | Identified exit to Archives 15163 | -4/Cetus | Manufactured an Enhanced Grunt 15188 | -4/Cetus | Manufactured an Enhanced Grunt 15213 | -4/Cetus | Manufactured an Enhanced Grunt 15259 | -4/Cetus | Spotted Cetus Guard 15259 | -4/Cetus | Spotted Cetus Guard 15260 | -4/Cetus | Spotted Cetus Guard 15263 | -4/Cetus | Spotted Cetus Guard 15273 | -4/Cetus | Discovered exit to Research (range 22) 15273 | -4/Cetus | Allies destroyed Cetus Guard 15277 | -4/Cetus | Allies destroyed Cetus Guard 15278 | -4/Cetus | Allies destroyed Cetus Guard 15282 | -4/Cetus | Destroyed Cetus Guard 15288 | -4/Cetus | Met Revision 17 15325 | -4/Cetus | Entered Archives 15325 | -4/Archives | Accompanied by 6 allies (A7) 15330 | -4/Archives | Received a hacking code to weaken MAIN.C 15362 | -4/Archives | Discovered new exit (range 22) 15364 | -4/Archives | Discovered exit to Research (range 21) 15365 | -4/Archives | Discovered new exit (range 15) 15371 | -4/Archives | Identified exit to Hub_04(d) 15638 | -4/Archives | Build established: Commander-Scout 15937 | -4/Archives | Entered Hub_04(d) 15937 | -4/Hub_04(d) | Accompanied by 5 allies 16090 | -4/Hub_04(d) | Entered Research 16090 | -3/Research | Accompanied by 5 allies 16090 | -3/Research | Evolved 2 slots: Propulsion x2 16092 | -3/Research | Loaded intel: 89 trap records 16097 | -3/Research | Discovered new exit (range 6) 16099 | -3/Research | Identified exit to Research 16185 | -3/Research | Entered another Research area 16185 | -2/Research | Accompanied by 5 allies 16185 | -2/Research | Warlord forces began assault on 0b10 16185 | -2/Research | Evolved 2 slots: Power x1, Utility x1 16287 | -2/Research | Met up with Warlord 16295 | -2/Research | Research machine network offline 16307 | -2/Research | Found Prototype Launcher 16307 | -2/Research | Identified Tesla Bomb Launcher 16383 | -2/Research | Spotted B-90 Cyclops 16470 | -2/Research | Discovered new exit (range 19) 16477 | -2/Research | Identified exit to Testing 16519 | -2/Research | Entered Testing 16529 | -2/Testing | Spotted PD-1QU4K8AO2W 16640 | -2/Testing | Found Prototype Ballistic Cannon 16640 | -2/Testing | Identified Perforator 16664 | -2/Testing | Found Prototype Launcher 16664 | -2/Testing | Identified Ragnarok Missile Launcher 16699 | -2/Testing | Found Prototype Device 16699 | -2/Testing | Identified Exp. Actuator Array 16828 | -2/Testing | Found Prototype Energy Gun 16828 | -2/Testing | Identified Warp Gun 16864 | -2/Testing | Discovered new exit (range 6) 16915 | -2/Testing | Found Prototype Hackware 16937 | -2/Testing | Build established: Generator-Scout 16997 | -2/Testing | Identified exit to Access 16997 | -2/Testing | Entered Access 16997 | -1/Access | Evolved 2 slots: Utility x1, Weapon x1 17041 | -1/Access | Identified Ghost Barrier 17096 | -1/Access | Discovered new exit (range 7) 17098 | -1/Access | Identified exit to Command 17099 | -1/Access | Entered Command 17118 | -1/Command | Spotted B-99 Colossus 17295 | -1/Command | Lost 3 parts (1p2n) 17768 | -1/Command | Spotted M Guard 17768 | -1/Command | Spotted M Guard 17768 | -1/Command | Spotted Combat Programmer 17818 | -1/Command | Crushed by falling debris 17934 | -1/Command | Lost 8 parts (2p3n3u) 17958 | -1/Command | Met MAIN.C 17958 | -1/Command | Hacked MAIN.C using A7's code 18056 | -1/Command | Disengaged cave seal 18056 | -1/Command | Derelicts emerged from the dark tunnel 18056 | -1/Command | Welcomed Warlord to Command 18124 | -1/Command | Crushed by falling debris 18125 | -1/Command | System corruption reached 10% 18183 | -1/Command | MAIN.C activated Command garrisons 18196 | -1/Command | P-80 Master assimilated allied 0T-ZUB(l) 18202 | -1/Command | Core integrity fell below 50% 18216 | -1/Command | Warlord destroyed during the assault 18217 | -1/Command | Core integrity fell below 20% 18217 | -1/Command | System corruption reached 30% 18219 | -1/Command | Destroyed by MAIN.C with Omega Cannon Last Messages --------------- 18213_ P-80 Master destroyed. 18214_ MAIN.C reaction time slowed by virus. 18214_ Slug penetrates Warlord. 18214_ P-80 Master destroyed. 18215_ Adv. Target Analyzer destroyed. 18215_ Blast Slug penetrates H-88 Terminator. 18216_ C-30 ARC bursts open, deploying its payload. 18216_ S-43 Plague unfolds itself. 18216_ Slug penetrates Reinforced Barrier. 18216_ Slug penetrates Warlord. 18216_ Warlord: "IMPOSS00101101 01101001 01010111 01001001 01001100 01001100 01110010 01100101 01110100 01110101 01110010 01101110" 18216_ Warlord destroyed. 18217_ System corrupted: Graphene Brace rejected. 18218_ C-30 ARC bursts open, deploying its payload. 18218_ H-88 Terminator unfolds itself. 18218_ MAIN.C reaction time slowed by virus. 18219_ Exp. Matter Compressor destroyed. 18219_ Adv. Target Analyzer destroyed. 18219_ Critical hit (Blast). Map ----- +----------------------------------------------------+ | ???????????????????????????????????? ???????????? | | ???????????????????????????????????? ???????????? | | ???????????????????????????????????? ???????????? | | ???????????????????????????????????? ???????????? | | ????????????????????????????????????"#???????????? | | ???????????????????????????????????? #???????????? | | ????????????????????????????????????!#???????????? | | ?????????????????????????????????###%#???????????? | | ????????????????????????????????? !=!!???????????? | | ?????????????????????????????????#+"/#???????????? | | ?????????????????????????????????#%[=#???????????? | | ?????????????????????????????????#!*=#???????????? | | ?????????????????????????????????#*!=#???????????? | | ?????????????????????????????????# [=#???????????? | | ?????????????????????????????????# #???????????? | | ?????????????????????????????????# #???????????? | | ?????????????????????????????????#! #???????????? | | ?????????????????????????????????#% !#???????????? | | ????????????????????????????????##|!!#???????????? | | ????????????????????????????????#"[ #???????????? | | ????????????????????????????????## #???????????? | | ########????????????????????????#"[ ##??????????? | | ????????????????????????## | ###?????????? | | ?????????????????????????#===# ##????????? | | #######################??#[|[## ##???????? | | + %@[[ ]#??#!= ### ##??????? | | + Mss*hp#### #?## ##?????? | | + !phpxhgg% #??## ##????? | | ###################pp%#### #???## ##???? | | ??????????????????#sg!#??# #????## ##??? | | ???????????????????# hh#??#####?????##"#### | | "???????????????????#%h!!#????????????## # | | """""????????????????????#//h##??????## ### # | | """"""????????????????????# %h | | """""?????????????????????# =% | | " ?????????????????????#% [% | | " ??????????????????????# xs | | ?"""??????????????????????# h b | | ??????????????????????????# ### ### ### # | | ??????????????????????????######?# ???# ??# # | | ?????????????????????????????????#?????###???##### | | ?????????????????????????????????????????????????? | | ?????????????????????????????????????????????????? | | ?????????????????????????????????????????????????? | | ?????????????????????????????????????????????????? | | ?????????????????????????????????????????????????? | | ?????????????????????????????????????????????????? | | ?????????????????????????????????????????????????? | | ?????????????????????????????????????????????????? | | ?????????????????????????????????????????????????? | +----------------------------------------------------+ Best States ------------- Heat Dissipation 94 Coolant Potential 100 Energy Generation 57 Energy Capacity 1060 Matter Stores 456 Matter Capacity 800 Sight Range 22 Robot Scan Range 20 Terrain Scan Density 10 Cloak Strength 2 Additional Mass Support 12 Armor Coverage 600 Resistance: TH 50 Propulsion Shielding 66 Phase Shifting 15 Evasion (%) 72 Targeting Accuracy 20 Melee Accuracy 32 Target Analysis 12 Recoil Reduction 4 Offensive Hacking 26 Defensive Hacking 20 Authchip Count 1 Item Schematics ----------------- System Shield | -8/Materials | Extracted Imp. Sensor Array | -8/Materials | Extracted Combat Drone Bay | -6/Data Miner | Free Lgt. Regenerative Plating | -6/Data Miner | Free Enh. Armored Leg | -6/Data Miner | Free Hvy. Proton Cannon | -6/Data Miner | Free Imp. Matter Compressor | -6/Data Miner | Free Imp. Linear Gravjet | -6/Data Miner | Free Adv. Trap Scanner | -6/Data Miner | Free Phase Gun | -6/Data Miner | Free Adv. System Shield | -6/Data Miner | Free Adv. Thermal Generator | -6/Data Miner | Free Impulse Thruster Array | -6/Data Miner | Free Adv. Weapon Cycler | -4/Hub_04(d) | Hacked Hacking Suite | -2/Research | Extracted Core Analyzer | -2/Research | Extracted Robot Schematics ------------------ I-36 Angel | -6/Data Miner | Free S-27 Virus | -6/Data Miner | Free G-50 Soldier | -6/Data Miner | Free B-48 Gladiator | -6/Data Miner | Free B-60 Warrior | -6/Data Miner | Free R-10 Processor | -2/Testing | Archive A-02 Transporter | -2/Testing | Archive Fabricated ------------ Lgt. Regenerative Plating | x1 | -5/Factory | Authchip Alien Tech Used ----------------- Dimensional Node Initializer Achievements -------------- None Challenges ------------ None Game ------ Seed LaserNeutronThrower Manual? 0 Play Time 02:35:30 Cumulative 320.2 hours Start 2022.05.27 @ 16:21:33 End 2022.05.27 @ 18:57:22 Sessions 1 Manual Loads 0 Difficulty Rogue Special Mode None Game No. 230 Rogue 202 Adventurer 10 Explorer 18 Win Type - Total 40 Types 17/1/3/10/2/0/3/1/3 Lore% 81 Gallery% 87 Achievement% 76 Wizard Run 0 Options --------- ASCII 0 Keyboard 0 Movement Numpad Keybinds 0 Fullscreen 1 Font 18/SmallcapsGlow Map View 76x50 Tactical HUD 1 Map Filters NONE Filters NONE Steam 1 RUN: e5180d07-4449-4fd3-be96-d326a12506a6